 Dungeon Crawl Stone Soup version 0.32-a0-995-gb4a59205af (webtiles) character file.

Game seed: 8460574002375283263

23 Sabo the Charlatan (level 2, -1/23 HPs)
             Began as a Gnoll Artificer on Apr 23, 2024.
             Slain by a hobgoblin (2 damage)
             ... on level 1 of the Dungeon.
             The game lasted 00:03:14 (645 turns).

Sabo the Charlatan (Gnoll Artificer)                 Turns: 645, Time: 00:03:15

Health: -1/23      AC:  3    Str: 11    XL:     2   Next: 95%
Magic:  2/2        EV: 11    Int: 10    God:
Gold:   25         SH:  0    Dex: 12    Spells: 2/2 levels left

rFire   . . .        g - +0 short sword
rCold   . . .        (no shield)
rNeg    + . .        b - +0 leather armour
rPois   .            (no helmet)
rElec   .            (no cloak)
rCorr   .            (no gloves)
SInv    .            (no boots)
Will    .....        (no amulet)
Stlth   ++           h - ring of positive energy
HPRegen 0.23/turn    (no ring)
MPRegen 0.08/turn

%: no passive effects
@: no status effects
A: fangs 1, strong nose, distributed training
a: no special abilities


You were on level 1 of the Dungeon.
You visited 1 branch of the dungeon, and saw 1 of its levels.

You collected 25 gold pieces.

Inventory:

Hand Weapons
 g - a +0 short sword (weapon)
Armour
 b - a +0 leather armour (worn)
Jewellery
 h - a ring of positive energy (left hand)
Wands
 c - a wand of flame (15) (quivered)
 d - a wand of charming (15)
 e - a wand of iceblast (5)
Scrolls
 a - a scroll of summoning {unknown}
 f - a scroll of amnesia {unknown}


   Skills:
 + Level 2.5 Fighting
 + Level 0.5 Short Blades
 + Level 0.5 Long Blades
 + Level 0.5 Axes
 + Level 0.5 Maces & Flails
 + Level 0.5 Polearms
 + Level 0.5 Staves
 + Level 0.5 Ranged Weapons
 + Level 0.5 Throwing
 + Level 4.5 Armour
 + Level 2.5 Dodging
 + Level 2.3 Stealth
 + Level 0.5 Shields
 + Level 0.5 Unarmed Combat
 + Level 0.5 Spellcasting
 + Level 0.4 Conjurations
 + Level 0.4 Hexes
 + Level 0.4 Summonings
 + Level 0.4 Necromancy
 + Level 0.4 Translocations
 + Level 0.4 Fire Magic
 + Level 0.4 Ice Magic
 + Level 0.4 Air Magic
 + Level 0.4 Earth Magic
 + Level 0.4 Alchemy
 + Level 0.7 Invocations
 + Level 6.5 Evocations
 + Level 0.5 Shapeshifting


You had 2 spell levels left.
You didn't know any spells.
Your spell library contained the following spells:

 Spells                   Type           Power      Damage    Failure   Level
 Call Imp                 Summ           2%         N/A       52%         2
 Lesser Beckoning         Tloc           2%         N/A       52%         2
 Sublimation of Blood     Necr           1%         N/A       52%         2
 Maxwell's Portable Pile  Tloc           1%         2d(5-13)  75%         3
 Teleport Other           Tloc           1%         N/A       75%         3
 Summon Hydra             Summ           0%         N/A       100%        7


Dungeon Overview and Level Annotations

Branches:
Dungeon (1/15)

Altars:


Innate Abilities, Weirdness & Mutations

You have very sharp teeth.
Your uncanny sense of smell can sniff out nearby items.
Your experience applies equally to all skills.


Message History

The bat hits you.
An endoplasm comes into view.
The endoplasm quivers.
The bat hits you but does no damage. The bat closely misses you.
You hit the bat.
You kill the bat!
A gnoll comes into view. It is wielding a +0 flail.
You see here a bat corpse.
You hit the endoplasm.
The endoplasm is lightly wounded.
The endoplasm hits you but does no damage.
You barely miss the endoplasm.
The endoplasm is lightly wounded.
The endoplasm freezes you.
You are frozen.
You hit the endoplasm.
The endoplasm is almost dead.
The endoplasm closely misses you.
You hit the endoplasm.
You kill the endoplasm!
A hobgoblin comes into view.
Found a stone staircase leading down.
The hobgoblin shouts!
The gnoll barely misses you.
The hobgoblin hits you but does no damage.
A dart slug comes into view.
You hit the gnoll.
The gnoll is lightly wounded.
The gnoll hits you with a +0 flail! The hobgoblin hits you.
The dart slug briefly extends its eye-stalks.
You barely miss the gnoll.
The gnoll is lightly wounded.
The gnoll hits you with a +0 flail!
* * * LOW HITPOINT WARNING * * *
The hobgoblin misses you.
You hit the gnoll.
The gnoll is moderately wounded.
The gnoll hits you but does no damage. The hobgoblin hits you.
You die...

#####...#######.#......)........#
#...# #......##.........# #...#
#......#########... #...#
#.#.##.###### ##.. #...###
#.#.##.##...# ###
...###.#.........#######
#......###.##.......)..
.#......###.############
......g@..†.# .>.....g#####
#.......# .w.#..#.# #. #.##.# #
#. #.# . ..# ## ###


You could see a gnoll, a dart slug and a hobgoblin.

Vanquished Creatures
  A dart slug (D:1)
  3 endoplasms (D:1)
  2 goblins (D:1)
  A hobgoblin (D:1)
  5 ball pythons (D:1)
  3 bats (D:1)
  3 frilled lizards (D:1)
  2 kobolds (D:1)
  2 rats (D:1)
22 creatures vanquished.

Notes
Turn   | Place    | Note
-------+----------+-------------------------------------------
     0 | D:1      | Sabo the Gnoll Artificer began the quest for the Orb.
     0 | D:1      | Reached XP level 1. HP: 17/17 MP: 1/1
   186 | D:1      | Reached XP level 2. HP: 11/23 MP: 2/2
   644 | D:1      | HP: 1/23 [gnoll/+0 flail (10)]
   645 | D:1      | Slain by a hobgoblin

Illustrated notes

Levels and vault maps discovered:
D:1:      saegor_arrival_simple_c, layout_loops_cross

Action                     || total
---------------------------++-------
  Melee: Club              ||    25
         Bite              ||     5
         Short sword       ||    41
   Stab: Sleeping          ||     4
 Armour: Leather armour    ||    49
  Dodge: Dodged            ||    47

Table legend: (Time is in decaauts)
 A = Elapsed time spent in this place.
 B = Non-inter-level travel time spent in this place.
 C = Inter-level travel time spent in this place.
 D = Time resting spent in this place.
 E = Time spent auto-exploring this place.
 F = Levels seen in this place.
 G = Mean time per level.
                   A        B        C        D        E       F      G
               +--------+--------+--------+--------+--------+-----+--------+
         Total |    650 |    650 |      0 |    170 |      0 |   1 |  650.0 |
       Dungeon |    650 |    650 |      0 |    170 |      0 |   1 |  650.0 |
               +--------+--------+--------+--------+--------+-----+--------+

Top non-repeatable levels by time:
     D:1: 650 daAuts
